 Dungeon Crawl Stone Soup version 0.29.1-2-gbd0b4ee654 (console) character file.

Game seed: 14501080532358890425

152 Goreval the Insei (level 5, -6/34 HPs)
             Began as an Octopode Transmuter on Nov 10, 2022.
             Was a Follower of Makhleb.
             Mangled by a crimson imp
             ... wielding a +2 dagger of chaos
              (7 damage)
             ... on level 3 of the Dungeon.
             The game lasted 00:16:37 (2801 turns).

Goreval the Insei (Octopode Transmuter)             Turns: 2801, Time: 00:16:38

Health: -6/34      AC:  1    Str:  9    XL:     5   Next: 34%
Magic:  15/17      EV: 13    Int: 17    God:    Makhleb [*.....]
Gold:   146        SH:  0    Dex: 13    Spells: 3/9 levels left

rFire   . . .      SeeInvis .     - Unarmed
rCold   . . .      Faith    .   (no shield)
rNeg    . . .      Spirit   .   (helmet currently unavailable)
rPois   +          Reflect  .   (no amulet)
rElec   .          Harm     .   d - ring of magical power
rCorr   .          Rampage  .   g - ring of poison resistance
Will    .....                   (no ring)
Stlth   +++.......              (no ring)
HPRegen 0.11/turn               (no ring)
MPRegen 0.15/turn               (no ring)
                                (no ring)
                                (no ring)

@: appendages (expiring)
A: tentacle spike 3, almost no armour, amphibious, 8 rings, camouflage 1,
gelatinous body 1, (nimble swimmer 1), tentacles
a: End Transformation, Renounce Religion


You were on level 3 of the Dungeon.
You worshipped Makhleb.
Makhleb was aware of your devotion.
One of your tentacles had grown a beastly spike.
You visited 1 branch of the dungeon, and saw 3 of its levels.

You collected 146 gold pieces.

Inventory:

Missiles
 f - a throwing net
 h - 24 stones (quivered)
Magical Staves
 l - a staff of earth
Jewellery
 d - a ring of magical power (left tentacle)
 g - a ring of poison resistance (right tentacle)
Scrolls
 e - 3 scrolls of teleportation {unknown}
 j - a scroll of identify {unknown}
 k - a scroll of noise {unknown}
 m - a scroll of vulnerability {unknown}
Potions
 a - a potion of lignification
 b - a potion of magic {unknown}
 c - a potion of resistance
 i - 2 potions of mutation {unknown}
 n - a potion of brilliance {unknown}


   Skills:
 + Level 2.0 Fighting
 - Level 2.0 Dodging
 + Level 2.3 Stealth
 * Level 3.9 Unarmed Combat
 + Level 2.5 Spellcasting
 + Level 2.7 Transmutations
 * Level 2.2 Poison Magic


You had 3 spell levels left.
You knew the following spells:

 Your Spells              Type           Power      Damage    Failure   Level
a - Beastly Appendage     Tmut           22%        N/A       6%          1
b - Wereblood             Tmut           11%        N/A       9%          2
c - Spider Form           Tmut/Pois      10%        N/A       21%         3

Your spell library contained the following spells:

 Spells                   Type           Power      Damage    Failure   Level
 Poisonous Vapours        Pois/Air       10%        N/A       19%         2
 Portal Projectile        Hex/Tloc       4%         N/A       50%         3
 Tukima's Dance           Hex            2%         N/A       50%         3
 Ice Form                 Ice/Tmut       6%         N/A       71%         4
 Corpse Rot               Necr/Pois/Air  4%         N/A       80%         4
 Blade Hands              Tmut           5%         N/A       86%         5


Dungeon Overview and Level Annotations

Branches:
Dungeon (3/15)

Altars:
Fedhas
Makhleb
Xom

Shops:
D:1 [   D:2 =


Innate Abilities, Weirdness & Mutations

One of your tentacles has grown a beastly spike.
You cannot wear most types of armour.
You are amphibious.
You can wear up to eight rings at the same time.
Your skin changes colour to match your surroundings (Stealth+).
Your rubbery body absorbs attacks. (AC +1, EV +1)
((You are camouflaged when in or above water. (Stealth+)))
You have tentacles for arms and can constrict up to eight enemies at once.


Message History

Your primal bloodlust has ended.
The crimson imp hits you.
You tentacle-slap the crimson imp. Your grab misses the crimson imp.
Your tentacle spike misses the crimson imp.
The crimson imp hits you.
You tentacle-slap the crimson imp but do no damage.
You grab the crimson imp.
Your tentacle spike misses the crimson imp.
You squeeze the crimson imp. You constrict the crimson imp.
The crimson imp closely misses you.
You tentacle-slap the crimson imp.
You pierce the crimson imp.
You kill the crimson imp!
Makhleb accepts your kill.
Your Fighting skill increases to level 2!
Your Poison Magic skill increases to level 2!
You tentacle-slap the crimson imp but do no damage.
Your grab misses the crimson imp. Your squeeze misses the crimson imp.
The crimson imp hits you with a +2 dagger of chaos.
The crimson imp freezes you.
You closely miss the crimson imp. Your grab misses the crimson imp.
You tentacle-slap the crimson imp. The crimson imp misses you.
You miss the crimson imp. You grab the crimson imp.
You constrict the crimson imp, but do no damage.
The crimson imp hits you with a +2 dagger of chaos.
You are too injured to fight recklessly!
You tentacle-slap the crimson imp but do no damage.
Your squeeze misses the crimson imp.
Your transformation is almost over.
You constrict the crimson imp.
The crimson imp hits you with a +2 dagger of chaos.
* * * LOW HITPOINT WARNING * * *
You tentacle-slap the crimson imp.
You constrict the crimson imp, but do no damage.
The crimson imp hits you with a +2 dagger of chaos.
* * * LOW HITPOINT WARNING * * *
The crimson imp burns you.
* * * LOW HITPOINT WARNING * * *
You release your grip on the crimson imp.
The crimson imp attacks as you move away!
The crimson imp hits you with a +2 dagger of chaos!
You die...

########## #........#### #######
#...........#####.....#
#..............##.....#
###############...............## ##
#................................ ..
##.#.................###...####### ###
#..#.#####)#####.....# #...# #.. #.##.#
##'### #.....###...# ##### #.. ##.##.#
#....# #.....+..#### #...## #..
#..##.####....# #.....##.#######....###..
#>............# ##.......#....##.........
#.###.........# #.......'....##....)##..
#.#......~~~~#####.......#.#..#......##..
#.#......~_~.....+.......#....#.....#####
#.#......~.~~#####.......#....#.....##<..
#.#......~~.~#..|....###.#....#.....#####
#............#.#####.###.#.####.....# #.
#####........##.#.####..............#####
#.
#..§.........##.#...........#.#####.....#
#. ####'#####.....###.............#.#
#####†# #.
#.^.....######)).#######.#.....#.# #.# #.
###._5### #...##............#†# #.####
#.^...@.#
#...##....#.......#.#########.##..
####'####
#.................#.......).#.##.# #
#....###........#.#######~♣♣#.##.#
#....###.....####.# ####~~P♣P....#
#[.....#..........###..~P~PP♣~####
#....#)..####..........~P~♣~P♣♣...
####.....#.......#####~~~~~~~~~...
#####.#.#.........~~~~♣~~~~♣♣.
#.#.#.#.<#####♣♣~P~~~~~~♣♣# #...#.#.##
♣~~~~~~~~♣~~~< #.....#.# #~~♣P~≈~~~~P~♣.
#.#...#.# #♣♣~~~≈~≈~P~♣♣. #.#.....#
♣~~≈≈≈≈≈≈≈~~~~ #
#.....####~~~~~≈≈≈≈≈≈~~~♣
#.###.....~~♣~≈≈≈≈≈≈≈≈~~♣
.........#.~♣~≈≈≈≈≈≈≈≈≈P♣♣ ###.....#.#
♣~P~≈≈≈≈≈≈≈≈♣~~
.........#.♣~~≈≈≈≈≈≈≈≈≈P~♣
...##.##.#.P~P≈≈≈≈≈≈≈≈≈~♣~ #.. #. ..
♣~~≈≈≈≈≈≈≈~~♣♣ #. #. .. ♣♣~~~≈≈≈≈≈≈~~♣~
## .##♣PP~~≈≈≈≈≈~~~♣. #~♣~~~≈~≈~P♣♣♣+
#~~~~♣~~P~♣~♣♣.


You could see a crimson imp.

Vanquished Creatures
  2 crimson imps (D:3)
  2 adders (D:2)
  A worm (D:2)
  2 dart slugs (D:3)
  4 orcs (D:3)
  5 endoplasms
  3 giant cockroaches (D:2)
  6 goblins
  3 hobgoblins
  4 jackals (D:2)
  3 ball pythons
  2 bats
  6 frilled lizards
  4 kobolds
  8 rats
55 creatures vanquished.

Vanquished Creatures (others)
  4 demonic plants (D:3)
  4 fungi (D:3)
  8 plants (D:3)
  3 withered plants (D:3)
19 creatures vanquished.

Grand Total: 74 creatures vanquished

Notes
Turn   | Place    | Note
-------+----------+-------------------------------------------
     0 | D:1      | Goreval the Octopode Transmuter began the quest for the
                  | Orb.
     0 | D:1      | Reached XP level 1. HP: 13/13 MP: 3/3
   569 | D:1      | Found Moshrul's Armour Shoppe.
   738 | D:1      | Reached XP level 2. HP: 18/18 MP: 5/5
   743 | D:1      | Learned a level 2 spell: Wereblood
   960 | D:1      | Reached skill level 1 in Stealth
  1294 | D:2      | Reached XP level 3. HP: 23/23 MP: 6/6
  1299 | D:2      | Learned a level 3 spell: Spider Form
  1599 | D:2      | Found Tekk's Jewellery Shoppe.
  1660 | D:2      | Reached skill level 1 in Poison Magic
  1847 | D:2      | Reached XP level 4. HP: 28/28 MP: 7/7
  2047 | D:3      | Found a faded altar of an unknown god.
  2099 | D:3      | Prayed at the altar of an unknown god.
  2099 | D:3      | Became a worshipper of Makhleb the Destroyer
  2099 | D:3      | Reached * piety under Makhleb
  2623 | D:3      | Found a blossoming altar of Fedhas.
  2759 | D:3      | Found a shimmering altar of Xom.
  2788 | D:3      | Reached XP level 5. HP: 30/34 MP: 8/8
  2800 | D:3      | HP: 1/34 [crimson imp/+2 dagger of chaos (3)]
  2801 | D:3      | Mangled by a crimson imp

Illustrated notes

Levels and vault maps discovered:
D:1:      minmay_arrival_cross, layout_basic, serial_shops, shop_statue,
          minmay_hexomino_f4
D:2:      layout_rooms, serial_shops, shop
D:3:      layout_basic, led_xom_imps, fedhas_altar_2,
          shapermc_ecumenical_altar_gd, kennysheep_flooded_box,
          serial_bayou_lake_a

Skill      XL: |  1  2  3  4  5 |
---------------+----------------+-----
Stealth        | 1 2 |  2.3
Poison Magic   | 1 2 |  2.2
Fighting       | 2 |  2.0
Dodging        | |  2.0
Unarmed Combat | |  3.9
Spellcasting   | |  2.5
Transmutations | |  2.7

Action                   |  1- 3 |  4- 6 || total
-------------------------+-------+-------++-------
Melee: Unarmed           |    77 |    56 ||   133
       Tentacles         |    12 |    11 ||    23
       Constrict         |    20 |    15 ||    35
       Kick              |    14 |    14 ||    28
       Punch             |       |     3 ||     3
Throw: Stone             |    10 |     7 ||    17
 Cast: Beastly Appendage |    12 |    12 ||    24
       Wereblood         |     4 |     1 ||     5
 Stab: Sleeping          |     9 |     3 ||    12
Armor: Skin              |     2 |     1 ||     3
Dodge: Dodged            |    40 |    16 ||    56
